 Dungeon Crawl Stone Soup version 0.22.1 (webtiles) character file.

365 MalarOregon the Shield-Bearer (level 6, -5/53 HPs)
             Began as a Hill Orc Fighter on Sept 17, 2018.
             Slain by an ogre
             ... wielding a +0 giant club
              (21 damage)
             ... on level 4 of the Dungeon.
             The game lasted 00:03:50 (3452 turns).

MalarOregon the Shield-Bearer (Hill Orc Fighter)    Turns: 3452, Time: 00:03:51

Health: -5/53      AC:  9    Str: 19    XL:     6   Next: 68%
Magic:  6/6        EV:  8    Int: 10    God:
Gold:   109        SH:  9    Dex: 10    Spells: 5/5 levels left

rFire    . . .     SeeInvis .   a - +0 war axe
rCold    . . .     Gourm    .   c - +0 shield
rNeg     . . .     Faith    .   b - +0 scale mail
rPois    .         Spirit   .   d - +0 helmet
rElec    .         Reflect  .   m - +0 cloak
rCorr    .         Harm     .   (no gloves)
MR       .....                  (no boots)
Stlth    ..........             (no amulet)
HPRegen  0.17/turn              (no ring)
MPRegen  0.10/turn              (no ring)

@: no status effects
A: no striking features
a: no special abilities


You were on level 4 of the Dungeon.
You were hungry.

You visited 1 branch of the dungeon, and saw 4 of its levels.

You collected 109 gold pieces.

Inventory:

Hand Weapons
 a - a +0 war axe (weapon)
 h - a +2 whip of electrocution
Armour
 b - a +0 scale mail (worn)
 c - a +0 shield (worn)
 d - a +0 helmet (worn)
 m - a +0 cloak (worn)
Jewellery
 o - an uncursed amulet of harm {unknown}
 t - an uncursed amulet of guardian spirit {unknown}
 v - an uncursed ring of resist corrosion {unknown}
Scrolls
 e - 3 scrolls of identify {unknown}
 k - a scroll of enchant weapon {unknown}
 l - 4 scrolls of teleportation {unknown}
 n - a scroll of immolation {unknown}
 s - a scroll of magic mapping {unknown}
 u - a scroll of enchant armour {unknown}
 w - a scroll of fear {unknown}
 y - a scroll of amnesia {unknown}
Potions
 g - a potion of flight {unknown}
 i - a potion of ambrosia {unknown}
 j - 2 potions of curing {unknown}
 q - a potion of lignification {unknown}
 r - a potion of might
 x - a potion of heal wounds {unknown}
 z - a potion of agility {unknown}
Comestibles
 f - 4 rations


   Skills:
 + Level 4.5 Fighting
 * Level 5.2 Axes
 + Level 4.3 Armour
 + Level 1.7 Dodging
 * Level 5.2 Shields


You had 5 spell levels left.
You didn't know any spells.
Your spell library was empty.

Dungeon Overview and Level Annotations

Branches:
Dungeon (4/15)
 Temple: D:4-7

Altars:
Ashenzari
Fedhas
Ru
Xom


Message History

You start resting.
HP restored.
You climb downwards.
The ogre hits you with a giant club!!
There is a stone staircase leading up, spattered with blood here.
You hit the ogre.
The ogre is lightly wounded.
You block the ogre's attack.
You closely miss the ogre.
The ogre is lightly wounded.
The ogre closely misses you.
You closely miss the ogre.
The ogre is lightly wounded.
The ogre hits you with a giant club!
* * * LOW HITPOINT WARNING * * *
You are too injured to fight recklessly!
You are too injured to fight recklessly!
You slash the ogre!
The ogre is severely wounded.
The ogre hits you with a giant club!!
You die...

############# #
#............ ##
#.########### .#
#.############ ##
#..O.......O@# #
#.##########.# # ###.....##
#.# # #......#.##
##.##########.
###.###.###.###...#.........
....##.#####....#...########
###.###O#.#.###...###
#......#.#####.###
#####.#............#


You could see an ogre.

Vanquished Creatures
  A scorpion (D:4)
  2 orc wizards (D:2)
  A centaur skeleton (D:4)
  Robin (D:2)
  9 adders
  An ooze (D:2)
  A worm (D:3)
  4 dart slugs
  4 leopard geckos
  5 orcs
  5 ball pythons
  3 giant cockroaches (D:3)
  14 goblins
  13 hobgoblins
  12 jackals
  5 kobolds
  A quokka (D:3)
  14 bats
  5 frilled lizards
  7 rats
108 creatures vanquished.

Notes
Turn   | Place    | Note
-------+----------+-------------------------------------------
     0 | D:1      | MalarOregon the Hill Orc Fighter began the quest for the
                  | Orb.
     0 | D:1      | Reached XP level 1. HP: 19/19 MP: 1/1
   161 | D:1      | Reached XP level 2. HP: 25/27 MP: 2/2
   414 | D:1      | Reached XP level 3. HP: 28/33 MP: 3/3
   571 | D:1      | Found a blossoming altar of Fedhas.
   573 | D:1      | Found a shimmering altar of Xom.
   573 | D:1      | Found a shimmering altar of Xom.
   579 | D:1      | Found a shattered altar of Ashenzari.
   579 | D:1      | Found a shattered altar of Ashenzari.
   579 | D:1      | Found a sacrificial altar of Ru.
   742 | D:2      | Noticed Robin
   751 | D:2      | Killed Robin
   759 | D:2      | Reached XP level 4. HP: 27/40 MP: 4/4
  1132 | D:2      | Reached skill level 1 in Dodging
  1405 | D:2      | Reached XP level 5. HP: 44/46 MP: 5/5
  2349 | D:3      | Reached XP level 6. HP: 53/53 MP: 6/6
  2892 | D:4      | Reached skill level 5 in Axes
  2892 | D:4      | Reached skill level 5 in Shields
  3452 | D:4      | Slain by an ogre

Skill      XL: |  1  2  3  4  5  6 |
---------------+-------------------+-----
Axes           | 3 4 5 |  5.2
Shields        | 4 5 |  5.2
Fighting       | 4 |  4.5
Dodging        | 1 |  1.7
Armour         | 4 |  4.3

Action                   |  1- 3 |  4- 6 || total
-------------------------+-------+-------++-------
Melee: War axe           |   107 |   230 ||   337
  Use: Potion            |     1 |       ||     1
  Eat: Chunk             |       |     8 ||     8
Armor: Scale mail        |    59 |   132 ||   191
Dodge: Dodged            |    32 |    97 ||   129
Block: Shield            |    53 |   129 ||   182
